 Dungeon Crawl Stone Soup version 0.29.0-3-gbb0933ed62 (webtiles) character file.

Game seed: 8429578735657053121

561029 stipulation the Middleweight Champion (level 25, 0/393 HPs)
             Began as a Pale Draconian Transmuter on Aug 26, 2022.
             Was the Champion of Wu Jian.
             Slain by an azure jelly (3 damage)
             ... created by the Royal Jelly
             ... on level 5 of the Pits of Slime.
             The game lasted 03:26:33 (93324 turns).

stipulation the Middleweight Champion (DrTm)       Turns: 93324, Time: 03:26:34

Health: 0/393      AC: 14    Str: 37    XL:     25   Next: 34%
Magic:  35/35      EV: 12    Int: 11    God:    Wu Jian [******]
Gold:   4506       SH:  0    Dex: 14    Spells: 32/48 levels left

rFire   + + .      SeeInvis .     - Unarmed
rCold   . . .      Faith    +   (shield currently unavailable)
rNeg    . . .      Spirit   .   (body armour unavailable)
rPois   +          Reflect  .   (helmet currently unavailable)
rElec   .          Harm     .   (cloak currently unavailable)
rCorr   +          Rampage  .   (gloves currently unavailable)
Will    +++..      Rage     3%  (boots currently unavailable)
Stlth   ..........              T - amulet of Atheism {Faith Will+}
HPRegen 0.00/turn               y - ring "Welimete" {rF+ rCorr Str+4}
MPRegen 0.24/turn               i - ring of Pouses {rPois rF+ Will+ Stlth+}

@: berserking, dragon-form, corroded, flying, inhibited regen, studying 3
skills, very quick
A: dragon claw, dragon scales, flying, boosted hp, breathe steam, AC +12, giant,
unfitting armour, (cold-blooded), steam resistance, berserk 1, dopey 1, frail 3,
low MP 1, inhibited regeneration, inability to drink after injury 1
}: 3/15 runes: serpentine, barnacled, silver
a: Breathe Steam, End Transformation, Renounce Religion, Wall Jump, Serpent's
Lash, Heavenly Storm


You were on level 5 of the Pits of Slime.
You worshipped Wu Jian.
Wu Jian was exalted by your worship.
You were a fearsome steam dragon!
You visited 11 branches of the dungeon, and saw 50 of its levels.
You visited 1 bazaar.
You also visited: Ossuary and Ice Cave.

You collected 8431 gold pieces.
You spent 3925 gold pieces at shops.

Inventory:

Missiles
 t - 4 throwing nets
Armour
 l - a +0 cloak (melded)
 O - the +0 mask of the Dragon (melded) {Will+ Slay+3 SInv}
   (You found it on level 1 of the Elven Halls)

   Slay:      It affects your accuracy & damage with ranged weapons and melee
   (+3).
   SInv:      It lets you see invisible.
   Will:      It increases your willpower.
Jewellery
 i - the ring of Pouses (right foreclaw) {rPois rF+ Will+ Stlth+}
   (You acquired it on level 1 of the Lair of Beasts)

   [ring of willpower]

   rF:        It protects you from fire.
   rPois:     It protects you from poison.
   Will:      It increases your willpower.
   Stlth:     It makes you more stealthy.
 m - the amulet "Iheraph" {Acrobat Contam rElec Regen+}
   (You took it off a deep elf demonologist on level 3 of the Elven Halls)

   [amulet of the acrobat]

   It increases your evasion while moving and waiting.
   rElec:     It insulates you from electricity.
   Contam:    It causes magical contamination when unequipped.
   Regen:     It increases your rate of health regeneration.
 o - the ring of Fewoash {Ice Str-4 Int+3 Dex+2}
   (You took it off a spriggan on level 2 of the Depths)

   [ring of ice]

   It enhances your ice magic.
   Str:       It affects your strength (-4).
   Int:       It affects your intelligence (+3).
   Dex:       It affects your dexterity (+2).
   rF:        It makes you vulnerable to fire.
   rC:        It protects you from cold.
 y - the ring "Welimete" (left foreclaw) {rF+ rCorr Str+4}
   (You found it on level 4 of the Shoals)

   [ring of protection from fire]

   Str:       It affects your strength (+4).
   rF:        It protects you from fire.
   rCorr:     It protects you from acid and corrosion.
 J - a ring of protection from cold
 N - a ring of see invisible
 S - an amulet of guardian spirit
 T - the amulet of Atheism (around neck) {Faith Will+}
   (You found it on level 2 of the Vaults)

   [amulet of faith]

   It allows you to gain divine favour quickly.
   Will:      It increases your willpower.
 Z - a ring of ice
Wands
 j - a wand of mindburst (37)
 v - a wand of roots (23)
 C - a wand of paralysis (22)
 E - a wand of acid (13)
 P - a wand of polymorph (18)
 V - a wand of flame (61)
Scrolls
 c - 8 scrolls of amnesia
 d - 5 scrolls of vulnerability
 e - 7 scrolls of poison
 g - 2 scrolls of blinking
 n - 10 scrolls of fear (quivered)
 p - a scroll of torment
 q - 15 scrolls of immolation
 r - 9 scrolls of enchant weapon
 A - 5 scrolls of silence
 H - 12 scrolls of teleportation
 L - 4 scrolls of brand weapon
 M - 8 scrolls of enchant armour
 Q - 6 scrolls of magic mapping
 X - 9 scrolls of fog
Potions
 a - 16 potions of lignification
 f - 16 potions of heal wounds
 h - 29 potions of curing
 s - 12 potions of brilliance
 u - 4 potions of flight
 w - 5 potions of degeneration
 x - 15 potions of mutation
 z - 9 potions of magic
 B - 7 potions of ambrosia
 D - 14 potions of resistance
 F - 4 potions of haste
 G - 3 potions of invisibility
 K - 8 potions of might
 R - 4 potions of cancellation
 U - 2 potions of berserk rage
Miscellaneous
 b - a phantom mirror (inert)
 k - a condenser vane
 I - a condenser vane
 W - a box of beasts
 Y - a tin of tremorstones (2/2)


   Skills:
 + Level 25.5 Fighting
 - Level 12.0 Dodging
 - Level 10.0 Stealth
 O Level 27 Unarmed Combat
 - Level 12.0 Spellcasting
 - Level 20.0 Transmutations
 - Level 6.0 Ice Magic
 - Level 17.0 Evocations


You had 32 spell levels left.
You knew the following spells:

 Your Spells              Type           Power      Damage    Failure   Level
a - Beastly Appendage     Tmut           100%       N/A       0%          1
b - Wereblood             Tmut           50%        N/A       0%          2
c - Ice Form              Ice/Tmut       35%        N/A       1%          4
d - Dragon Form           Tmut           25%        N/A       2%          7
e - Passwall              Tmut/Erth      23%        N/A       1%          2

Your spell library contained the following spells:

 Spells                   Type           Power      Damage    Failure   Level
 Ignite Poison            Fire/Tmut/Pois 21%        N/A       1%          3
 Spider Form              Tmut/Pois      28%        N/A       1%          3
 Blade Hands              Tmut           25%        N/A       1%          5
 Ozocubu's Armour         Ice            19%        N/A       2%          3
 Ensorcelled Hibernation  Hex/Ice        26%        N/A       4%          2
 Alistair's Intoxication  Tmut/Pois      18%        N/A       4%          5
 Irradiate                Conj/Tmut      14%        3d16      4%          5
 Yara's Violent Unravell  Hex/Tmut       14%        3d7       4%          5
 Apportation              Tloc           12%        N/A       11%         1
 Foxfire                  Conj/Fire      24%        2x1d5     11%         1
 Necrotise                Necr           24%        1d5       11%         1
 Shock                    Conj/Air       24%        1d4       11%         1
 Summon Small Mammal      Summ           24%        N/A       11%         1
 Blink                    Tloc           12%        N/A       16%         2
 Poisonous Vapours        Pois/Air       12%        N/A       16%         2
 Static Discharge         Conj/Air       12%        3-4/arc   16%         2
 Statue Form              Tmut/Erth      18%        N/A       26%         6
 Call Canine Familiar     Summ           6%         N/A       30%         3
 Confusing Touch          Hex            6%         N/A       30%         3
 Conjure Flame            Conj/Fire      6%         6-21      30%         3
 Dazzling Flash           Conj/Hex       12%        N/A       30%         3
 Inner Flame              Hex/Fire       6%         N/A       30%         3
 Lesser Beckoning         Tloc           6%         N/A       30%         3
 Mephitic Cloud           Conj/Pois/Air  6%         N/A       30%         3
 Portal Projectile        Hex/Tloc       12%        N/A       30%         3
 Stone Arrow              Conj/Erth      12%        3d7       30%         3
 Summon Guardian Golem    Hex/Summ       6%         N/A       30%         3
 Swiftness                Air            6%         N/A       30%         3
 Tukima's Dance           Hex            6%         N/A       30%         3
 Hailstorm                Conj/Ice       13%        3d5       30%         4
 Summon Ice Beast         Ice/Summ       13%        N/A       30%         4
 Airstrike                Air            3%         2d(1-17)  71%         4
 Anguish                  Hex/Necr       3%         N/A       71%         4
 Animate Dead             Necr           6%         N/A       71%         4
 Cause Fear               Hex            3%         N/A       71%         4
 Corpse Rot               Necr/Pois/Air  6%         N/A       71%         4
 Fulminant Prism          Conj/Hex       3%         3d6       71%         4
 Sticky Flame             Conj/Fire      6%         2d3       71%         4
 Freezing Cloud           Conj/Ice/Air   5%         6-21      77%         5
 Agony                    Necr           6%         N/A       96%         5
 Fireball                 Conj/Fire      3%         3d4       96%         5
 Iskenderun's Battlesphe  Conj           6%         2d6       96%         5
 Manifold Assault         Tloc           6%         N/A       96%         5
 Silence                  Hex/Air        3%         N/A       96%         5
 Summon Mana Viper        Hex/Summ       6%         N/A       96%         5
 Simulacrum               Ice/Necr       6%         N/A       99%         6
 Conjure Ball Lightning   Conj/Air       3%         3x3d6     100%        6
 Dispersal                Tloc           3%         N/A       100%        6
 Enfeeble                 Hex            3%         N/A       100%        7
 Haunt                    Necr/Summ      3%         N/A       100%        7
 Malign Gateway           Summ/Tloc      3%         N/A       100%        7
 Monstrous Menagerie      Summ           3%         N/A       100%        7
 Orb of Destruction       Conj           3%         9d5       100%        7
 Ozocubu's Refrigeration  Ice            9%         4d9       100%        7
 Spellforged Servitor     Conj/Summ      3%         N/A       100%        7
 Discord                  Hex            3%         N/A       100%        8
 Infestation              Necr           3%         N/A       100%        8
 Lehudib's Crystal Spear  Conj/Erth      3%         10d2      100%        8
 Necromutation            Tmut/Necr      14%        N/A       100%        8
 Summon Horrible Things   Summ           3%         N/A       100%        8
 Dragon's Call            Summ           3%         N/A       100%        9
 Animate Armour           Summ/Erth      Unusable   N/A       N/A         4

Dungeon Overview and Level Annotations

Branches:
Dungeon (15/15)            Temple (1/1) D:4            Lair (5/5) D:9
 Shoals (4/4) Lair:3        Snake (4/4) Lair:2        Slime (5/5) Lair:4
    Orc (2/2) D:9             Elf (3/3) Orc:2        Vaults (5/5) D:14
  Crypt (0/3) Vaults:2     Depths (4/4) D:15            Zot (2/5) Depths:4
Ossuary (visited)           IceCv (visited)

Altars:
Ashenzari
Cheibriados
Dithmenos
Elyvilon
Fedhas
Gozag
Hepliaklqana
Kikubaaqudgha
Makhleb
Nemelex Xobeh
Okawaru
Qazlal
Ru
Sif Muna
Trog
Uskayaw
Vehumet
Wu Jian
Xom
Yredelemnul
Zin
The Shining One
Jiyva

Shops:
D:2 !   D:6 [   Orc:1 ?   Orc:2 [[=:(*   Elf:1 *   Shoals:4 *(*![   Snake:3 ?=
Vaults:4 [   Depths:2 :=:

Portals:
Hell: Depths:1 Depths:2 Depths:3 Depths:4
Abyss: Depths:3
Pandemonium: Depths:1 Depths:2
Ziggurat: Depths:2

Annotations:
D:5 2 runed translucent doors, Tollund's ghost, novice FoFi
D:10 6 transporters


Innate Abilities, Weirdness & Mutations

You are a fearsome steam dragon!
You have a powerful clawing attack.
Your giant scaled body is strong and resiliant, but less evasive.
Your breath weapon is enhanced in this form.
You are flying.
Your maximum health is greatly increased.
Your armour is entirely melded.
You are incapable of wielding weapons or throwing items.
You can breathe blasts of scalding, opaque steam.
Your pale cyan-grey scales are hard. (AC +12)
You cannot fit into any form of body armour.
((You are cold-blooded and may be slowed by cold attacks.))
You are immune to the effects of steam.
You sometimes lose your temper in combat.
You are dopey. (Int -2)
You are extremely frail. (-30% HP)
Your magical capacity is low. (-10% MP)
You do not regenerate when monsters are visible.
You occasionally lose the ability to drink potions when taking damage.


Message History

The azure jelly misses you.
The azure jelly hits you but does no damage. x2
The azure jelly hits you. The azure jelly freezes you!!!
The azure jelly hits you! The azure jelly freezes you!!
The azure jelly hits you! The azure jelly hits you. The acid blob hits you!!
You are splashed with acid.
You resist. The acid blob spits acid at you. The splash of acid hits you!
You resist.
You maul the acid blob!!!
Your foreclaws burn!
You claw the acid blob!!!
The acid blob is almost dead.
The acid blob hits you!!
You are splashed with acid.
You resist.
* * * LOW HITPOINT WARNING * * *
The azure jelly hits you but does no damage.
The azure jelly hits you.
* * * LOW HITPOINT WARNING * * *
The azure jelly freezes you!!!
* * * LOW HITPOINT WARNING * * *
The azure jelly hits you.
* * * LOW HITPOINT WARNING * * *
The azure jelly hits you but does no damage.
The rockslime closely misses you.
You completely miss the acid blob.
The acid blob is almost dead.
Your Royal Jelly barely misses the rockslime.
Your Royal Jelly hits the rockslime but does no damage.
The rockslime hits you!!!
* * * LOW HITPOINT WARNING * * *
You hold your ground!
You maul the acid blob!!!!!
You kill the acid blob!
That felt strangely unrewarding.
The azure jelly misses you. The azure jelly hits you.
* * * LOW HITPOINT WARNING * * *
The azure jelly freezes you!!
* * * LOW HITPOINT WARNING * * *
The azure jelly hits you!
* * * LOW HITPOINT WARNING * * *
The azure jelly hits you but does no damage.
The azure jelly barely misses you. The azure jelly hits you.
You die...

#..................
#.................#
##.................
#................#
#................#
###................# #)
#..................# ######
#...........J.J....##...#..
#..........JJDJJ......#
##..........JJJJJ....###
#...........JJJJJ....#
###...........J.J.....#
#.....................#
#.....................###
###.....................##
###....................#
#.....................#####


You could see 5 acid blobs, 4 azure jellies, 6 rockslimes, 2 quicksilver oozes
and the friendly Royal Jelly (summoned, drained).

Vanquished Creatures
  the Royal Jelly (Slime:5)
  2 ancient liches
  2 orbs of fire (Zot:1)
  Mara (Shoals:3)
  Parghit (Depths:3)
  2 Killer Klowns (Zot:1)
  Margery (Vaults:3)
  Bai Suzhen (Vaults:2)
  Xtahua (Vaults:2)
  A curse toe (Zot:1)
  Saint Roka (Orc:2)
  7 caustic shrikes (Depths:4)
  Jory (Vaults:5)
  the Enchantress (Depths:2)
  4 golden dragons
  Nikola (Vaults:2)
  7 tentacled monstrosities
  4 walking divine tomes
  6 liches
  2 deep elf master archers (Elf:3)
  6 titans
  Jorgrun (D:14)
  2 deep elf blademasters
  10 acid blobs
  A kraken (Shoals:4)
  A walking earthen tome (Depths:4)
  Gastronok (Lair:1)
  3 death cobs (Zot:1)
  5 quicksilver dragons
  10 storm dragons
  Kirke (D:12)
  Polyphemus (Shoals:4)
  6 sphinxes
  8 shadow dragons
  Donald (Vaults:3)
  Frances (D:12)
  Agnes (Elf:2)
  6 tengu reavers
  7 azure jellies
  16 fire giants
  Ilsuiw (Shoals:4)
  6 nagarajas
  An azure jelly (shapeshifter) (Vaults:5)
  8 rockslimes
  9 frost giants
  8 iron dragons
  2 orc warlords
  A draconian knight (Depths:4)
  18 vault wardens
  3 draconian scorchers (Zot:1)
  4 deep elf sorcerers
  A draconian shifter (Zot:1)
  3 spectral caustic shrikes (Depths:2)
  6 quicksilver oozes
  A draconian annihilator (Zot:1)
  A draconian stormcaller (Zot:1)
  7 spriggan defenders
  20 ironbound preservers
  4 war gargoyles
  A deep elf elementalist (Elf:3)
  35 very ugly things
  10 ironbound thunderhulks
  21 stone giants
  A quicksilver ooze (shapeshifter) (Vaults:5)
  3 vampire knights (Depths:4)
  3 green draconians (Zot:1)
  2 deep elf annihilators
  The ghost of Necsenou the Fighter, a journeyman GnWn of Gozag (Orc:1)
  7 deep elf demonologists
  12 dire elephants
  2 black draconians (Zot:1)
  3 yellow draconians (Zot:1)
  3 purple draconians (Zot:1)
  4 entropy weavers
  4 spark wasps
  6 merfolk javelineers
  2 red draconians (Zot:1)
  Snorg (D:14)
  8 ettins
  Josephine (D:14)
  3 crystal guardians
  8 merfolk impalers
  11 deep elf death magi
  16 yaktaur captains
  6 deep elf high priests
  8 fire dragons
  12 great orbs of eyes
  4 boulder beetles
  A rakshasa (Depths:3)
  8 ice dragons
  2 salamander tyrants (Snake:4)
  2 catoblepae
  38 vault guards
  14 anacondas
  3 peacekeepers
  6 spriggan air magi
  15 hydras
  A death knight (D:15)
  A satyr (shapeshifter) (Vaults:5)
  7 centaur warriors
  2 ogre magi
  19 dancing weapons
  3 merfolk avatars
  An alligator snapping turtle (Shoals:4)
  21 naga warriors
  5 merfolk aquamancers (Shoals:4)
  8 ironbound frosthearts
  A satyr (Shoals:2)
  11 two-headed ogres
  14 death yaks
  8 deep troll earth magi
  2 vampire magi
  2 orc high priests
  3 tengu warriors
  A spectral dire elephant (Lair:5)
  4 spriggan berserkers
  7 deep troll shamans
  13 naga sharpshooters
  Urug (D:12)
  21 deep elf knights
  A shock serpent (Snake:3)
  5 iron trolls
  Nergalle (Lair:2)
  Amaemon (Lair:3)
  26 spriggans
  12 hell knights
  2 spectral death yaks (Lair:5)
  A titan skeleton (Vaults:4)
  37 deep trolls
  5 salamander mystics
  2 skeletal warriors (D:13)
  A spectral anaconda (Lair:5)
  5 flayed ghosts
  7 naga ritualists
  9 sea snakes
  An obsidian statue (Lair:5)
  3 spriggan druids (Depths:2)
  7 necromancers
  A bog body (IceCv)
  11 deep elf archers
  26 harpies
  33 deep elf pyromancers
  9 wizards
  12 lindwurms
  A lindwurm (shapeshifter) (Vaults:5)
  17 ironbound convokers
  2 wolf spider zombies (D:13)
  26 deep elf zephyrmancers
  9 orc knights
  2 phantasmal warriors (Vaults:5)
  11 fauns
  A sphinx zombie (Depths:1)
  A wolf spider (shapeshifter) (Vaults:5)
  10 mana vipers
  16 salamanders
  6 shining eyes
  16 manticores
  14 moths of wrath
  3 oklob plants
  2 orc sorcerers (Orc:2)
  31 ugly things
  18 cyclopes
  A fire giant skeleton (Depths:1)
  A stone giant zombie (Vaults:2)
  21 elephants
  2 dire elephant zombies (Lair:5)
  11 guardian serpents
  4 water nymphs
  21 naga magi
  2 ice statues (IceCv)
  12 merfolk sirens
  3 centaur zombies (D:13)
  3 eyes of devastation
  41 black mambas
  19 vault sentinels
  An orange demon (Lair:3)
  Psyche (D:11)
  33 yaktaurs
  9 cane toads
  8 komodo dragons
  3 freezing wraiths
  2 kobold demonologists (D:11)
  2 rime drakes (Lair:5)
  5 ice devils (IceCv)
  3 tengu conjurers
  An anaconda simulacrum (IceCv)
  3 human skeletons
  2 komodo dragons (shapeshifter)
  2 wind drakes (shapeshifter) (Vaults:5)
  5 wind drakes
  8 trolls
  A hornet (shapeshifter) (Elf:1)
  A polar bear (Lair:5)
  30 merfolk
  A spectral elephant (Lair:5)
  6 hornets
  13 dream sheep
  68 slime creatures
  3 blink frogs (Lair:5)
  A dream sheep (shapeshifter) (Vaults:5)
  A meliai zombie (D:13)
  An ettin skeleton (Vaults:2)
  Sigmund (D:2)
  14 snapping turtles
  2 vampires (D:13)
  An air elemental (Elf:3)
  A spriggan (shapeshifter) (Depths:4)
  6 wraiths
  4 wyverns
  A shadow (D:11)
  38 yaks
  23 water elementals
  A ynoxinul (Depths:1)
  5 basilisks
  6 dire elephant simulacra (IceCv)
  15 humans (D:14)
  6 golden eyes (Slime:1)
  4 redbacks
  2 hogs (D:11)
  2 steam dragons
  A death yak simulacrum (Lair:5)
  7 wargs
  Grum (D:8)
  3 spectral cane toads (Lair:5)
  2 harpy simulacra (IceCv)
  7 vampire mosquitoes (D:12)
  49 nagas
  A hydra simulacrum (IceCv)
  10 water moccasins
  A glowing shapeshifter skeleton (Vaults:2)
  A sky beast (D:7)
  2 floating eyes (Depths:4)
  5 ice beasts
  An ogre skeleton (Vaults:4)
  A spectral troll (Orc:1)
  31 orc warriors
  2 black bears
  An elephant zombie (Lair:5)
  A human zombie (Vaults:4)
  8 ogres
  7 wolves
  A phantom (D:5)
  9 centaurs
  3 elephant skeletons (Lair:5)
  4 kobold brigands
  3 bullfrogs
  3 scorpions
  2 necrophages
  3 cane toad simulacra
  8 water moccasin zombies (Ossuary)
  9 wights
  16 killer bees
  An elephant simulacrum (Lair:5)
  12 electric eels
  9 howler monkeys
  Crazy Yiuf (D:3)
  A jelly (D:5)
  2 gnoll boudas
  23 orc priests
  4 hounds (D:5)
  An iguana (D:7)
  Terence (D:3)
  29 orc wizards
  2 spectral orcs (Orc:1)
  A polar bear simulacrum (IceCv)
  A statue (D:4)
  3 spriggan simulacra
  2 wolf simulacra
  2 mummies (Ossuary)
  Robin (D:2)
  4 adders
  11 gnolls
  An ogre simulacrum (Orc:1)
  A shadow imp (D:7)
  3 white imps
  An ufetubus (D:5)
  An adder zombie (Ossuary)
  A worm (shapeshifter) (Vaults:5)
  3 worms
  3 dart slugs
  98 orcs
  An orc simulacrum (Orc:1)
  3 ball pythons
  10 endoplasms
  4 giant cockroaches
  12 hobgoblins
  2 quokkas (D:3)
  3 bats
  A frilled lizard (D:2)
  A gnoll simulacrum (Orc:1)
  4 gnoll zombies (Ossuary)
  13 goblins
  6 hobgoblin zombies (Ossuary)
  12 kobolds
  5 kobold zombies (Ossuary)
  5 orc zombies (Ossuary)
  2 rats
  A bush (Shoals:1)
  2 tentacles (Shoals:4)
2086 creatures vanquished.

Vanquished Creatures (others)
  A deep elf elementalist (Elf:3)
  A wizard (Vaults:4)
  A deep elf zephyrmancer (Elf:1)
  A deep elf pyromancer (Elf:2)
  An orc (Orc:2)
  76 bushes
  30 fungi
  161 plants
  14 tentacles (Shoals:4)
  38 withered plants (Lair:5)
324 creatures vanquished.

Grand Total: 2410 creatures vanquished

Notes
Turn   | Place    | Note
-------+----------+-------------------------------------------
     0 | D:1      | stipulation the Draconian Transmuter began the quest for
                  | the Orb.
     0 | D:1      | Reached XP level 1. HP: 16/16 MP: 3/3
    84 | D:1      | Found a faded altar of an unknown god.
   133 | D:1      | Reached XP level 2. HP: 24/24 MP: 3/5
   855 | D:1      | Reached skill level 1 in Stealth
  1279 | D:2      | Noticed Sigmund
  1338 | D:3      | Reached XP level 3. HP: 30/30 MP: 4/6
  1357 | D:3      | Found a white marble altar of Elyvilon.
  1399 | D:3      | Noticed Terence
  1408 | D:3      | Killed Terence
  1412 | D:3      | Reached XP level 4. HP: 29/38 MP: 7/7
  1415 | D:3      | Learned a level 2 spell: Wereblood
  1420 | D:3      | Learned a level 4 spell: Ice Form
  1643 | D:3      | Found a runed translucent door.
  1644 | D:3      | Noticed Crazy Yiuf
  1689 | D:3      | Found an iron altar of Okawaru.
  2213 | D:3      | Killed Crazy Yiuf
  2398 | D:4      | Noticed a scorpion
  2446 | D:4      | Noticed an ogre
  2697 | D:4      | Reached skill level 4 in Unarmed Combat
  2721 | D:4      | Found a staircase to the Ecumenical Temple.
  2739 | Temple   | Entered the Ecumenical Temple
  2877 | Temple   | Became a worshipper of the Wu Jian Council
  2894 | D:4      | Reached XP level 5. HP: 39/45 MP: 6/8
  2994 | D:4      | Found a radiant altar of Vehumet.
  2994 | D:4      | Noticed a charred statue
  3380 | D:5      | Entered Level 5 of the Dungeon
  3490 | D:5      | Reached XP level 6. HP: 51/51 MP: 7/9
  3495 | D:5      | Reached skill level 5 in Unarmed Combat
  3530 | D:5      | Noticed an ice beast
  3715 | D:4      | Reached skill level 5 in Stealth
  3857 | D:5      | Your scales start taking on a pale cyan-grey colour.
  3857 | D:5      | Reached XP level 7. HP: 55/57 MP: 8/10
  3857 | D:5      | Gained mutation: You are immune to the effects of steam.
                  | [Pale Draconian growth]
  3983 | D:5      | Found a runed translucent door.
  3986 | D:5      | Noticed Tollund's ghost (novice FoFi)
  4017 | D:5      | Found a runed translucent door.
  5239 | D:2      | Killed Sigmund
  5407 | D:2      | Noticed Robin
  5420 | D:2      | Killed Robin
  5420 | D:2      | Reached * piety under Wu Jian
  5729 | D:2      | Found Unoirph's Distillery.
  5753 | D:2      | Bought a potion of haste for 110 gold pieces
  5753 | D:2      | Bought a potion of curing for 33 gold pieces
  5753 | D:2      | Bought a potion of lignification for 33 gold pieces
  6168 | D:4      | Reached XP level 8. HP: 63/63 MP: 8/11
  6507 | D:6      | Found Juvafu's Antique Armour Shoppe.
  7192 | D:6      | Found a shimmering altar of Xom.
  7192 | D:6      | Found a blossoming altar of Fedhas.
  7290 | D:7      | Reached ** piety under Wu Jian
  7457 | D:7      | Reached skill level 5 in Fighting
  7895 | D:7      | Reached skill level 5 in Transmutations
  7895 | D:7      | Reached XP level 9. HP: 55/74 MP: 15/15
  7930 | D:7      | Found a sand-covered staircase.
  7940 | Ossuary  | Entered an ossuary
  8234 | Ossuary  | Reached skill level 1 in Ice Magic
  8259 | Ossuary  | Reached *** piety under Wu Jian
  8595 | D:7      | Reached skill level 5 in Ice Magic
  8989 | D:8      | Noticed Grum
  9002 | D:8      | Killed Grum
  9136 | D:8      | Reached **** piety under Wu Jian
  9141 | D:8      | Reached XP level 10. HP: 75/81 MP: 10/17
  9314 | D:8      | Reached skill level 5 in Spellcasting
  9731 | D:8      | Found a basalt altar of Yredelemnul.
 10576 | D:9      | Reached skill level 6 in Unarmed Combat
 10746 | D:9      | Reached skill level 7 in Unarmed Combat
 11096 | D:9      | Reached skill level 8 in Unarmed Combat
 11368 | D:9      | Reached ***** piety under Wu Jian
 11392 | D:9      | Reached skill level 9 in Unarmed Combat
 12016 | D:9      | Found a staircase to the Lair.
 12056 | D:9      | Found a staircase to the Orcish Mines.
 12205 | D:10     | Entered Level 10 of the Dungeon
 12218 | D:10     | Reached XP level 11. HP: 86/86 MP: 14/20
 12255 | D:10     | Found a transporter.
 12259 | D:10     | Found a transporter.
 12276 | D:10     | Noticed a two-headed ogre
 12278 | D:10     | Reached skill level 10 in Unarmed Combat
 12291 | D:10     | Killed a two-headed ogre
 12507 | D:10     | Found a transporter.
 12508 | D:10     | Found a transporter.
 12703 | D:10     | Found a transporter.
 12704 | D:10     | Found a transporter.
 12716 | D:10     | Noticed a two-headed ogre
 12722 | D:10     | Killed a two-headed ogre
 13198 | D:10     | Found a snail-covered altar of Cheibriados.
 13206 | D:10     | Found a burning altar of Makhleb.
 13356 | Lair:1   | Entered Level 1 of the Lair of Beasts
 13356 | Lair:1   | Noticed a five-headed hydra
 13360 | Lair:1   | Killed a five-headed hydra
 13501 | Lair:1   | Noticed Gastronok
 13525 | Lair:1   | Killed Gastronok
 13648 | Lair:1   | Reached skill level 10 in Fighting
 14568 | Lair:1   | Noticed a catoblepas
 14576 | Lair:1   | Killed a catoblepas
 14577 | Lair:1   | Reached XP level 12. HP: 98/106 MP: 13/21
 15358 | Lair:1   | Identified a scroll of acquirement
 15364 | Lair:1   | Acquired the ring of Pouses {rPois rF+ Will+ Stlth+}
 15418 | Lair:2   | Noticed Nergalle
 15428 | Lair:2   | Killed Nergalle
 15433 | Lair:2   | Found a frozen archway.
 15449 | IceCv    | Entered an ice cave
 15463 | IceCv    | Reached skill level 10 in Transmutations
 16535 | IceCv    | Reached skill level 11 in Unarmed Combat
 17469 | Lair:2   | Reached skill level 12 in Unarmed Combat
 17695 | Lair:2   | Found a staircase to the Snake Pit.
 17724 | Lair:2   | Noticed a six-headed hydra
 17915 | Lair:2   | Killed a six-headed hydra
 18766 | Lair:3   | Noticed Amaemon
 18780 | Lair:2   | Reached skill level 13 in Unarmed Combat
 19063 | Lair:3   | Killed Amaemon
 19237 | Lair:3   | Noticed a seven-headed hydra
 19239 | Lair:3   | Noticed a five-headed hydra
 19245 | Lair:3   | Killed a seven-headed hydra
 19709 | Lair:3   | Got the Lectures on Allies and Combat Magic
 19865 | Lair:3   | Identified the +4 whip of Contention {vorpal, rF++ Dex-4}
 19958 | Lair:3   | Found a staircase to the Shoals.
 20049 | Lair:3   | Noticed a boulder beetle
 20076 | Lair:3   | Killed a boulder beetle
 20077 | Lair:3   | Reached XP level 13. HP: 116/116 MP: 17/22
 21672 | Lair:4   | Found a viscous altar of Jiyva.
 21725 | Lair:4   | Found a staircase to the Slime Pits.
 21919 | Lair:5   | Entered Level 5 of the Lair of Beasts
 22434 | Lair:5   | Reached skill level 5 in Dodging
 24847 | Lair:4   | Reached XP level 14. HP: 63/129 MP: 21/26
 25312 | Lair:4   | Reached skill level 14 in Unarmed Combat
 26476 | Lair:5   | Reached skill level 15 in Unarmed Combat
 27252 | Lair:5   | Reached ****** piety under Wu Jian
 29262 | D:11     | Noticed Psyche
 29274 | D:11     | Killed Psyche
 29658 | D:12     | Noticed Kirke
 29671 | D:12     | Noticed Urug
 29779 | D:12     | Reached skill level 15 in Fighting
 29782 | D:12     | Killed Urug
 30165 | D:12     | Noticed Frances
 30178 | D:12     | Killed Frances
 31117 | D:12     | Killed Kirke
 31388 | Orc:1    | Entered Level 1 of the Orcish Mines
 32138 | Orc:1    | Found a runed translucent gate.
 32138 | Orc:1    | Found a runed translucent gate.
 32138 | Orc:1    | Found a runed translucent gate.
 32371 | Orc:1    | Found Xirihiosch's Magic Scroll Shop.
 32381 | Orc:1    | Bought 2 scrolls of fog for 128 gold pieces
 32381 | Orc:1    | Bought a scroll of identify for 32 gold pieces
 32511 | Orc:1    | Noticed Necsenou's ghost (journeyman GnWn)
 32546 | Orc:1    | Killed Necsenou's ghost
 32547 | Orc:1    | Reached XP level 15. HP: 41/141 MP: 27/27
 32934 | Orc:2    | Entered Level 2 of the Orcish Mines
 32936 | Orc:2    | Found Vanuptex's Armour Emporium.
 33262 | Orc:2    | Found a staircase to the Elven Halls.
 33322 | Orc:2    | Noticed Saint Roka
 34973 | Orc:2    | Killed Saint Roka
 35043 | Orc:2    | Found Maakicun's Jewellery Shop.
 35053 | Orc:2    | Found Besch's General Store.
 35054 | Orc:2    | Reached skill level 1 in Evocations
 35314 | Orc:2    | Found Piny's Vocational Training.
 35468 | Orc:2    | Found Zoimow's Antique Armour Shop.
 35483 | Orc:2    | Found Situwna's Antique Weapon Shop.
 36387 | D:13     | Identified the ring "Feass" {Fire Int+4}
 36478 | D:13     | Reached skill level 5 in Evocations
 37481 | D:14     | Noticed Josephine
 37485 | D:14     | Noticed Snorg
 37496 | D:14     | Killed Snorg
 37500 | D:14     | Killed Josephine
 38058 | D:14     | Noticed Jorgrun
 38075 | D:14     | Killed Jorgrun
 38142 | D:14     | Reached skill level 16 in Unarmed Combat
 38932 | D:14     | Found a gate to the Vaults.
 39393 | D:15     | Entered Level 15 of the Dungeon
 39560 | D:15     | Identified the +5 spear "Kagugila" {holy, rElec}
 39651 | D:15     | Found a sparkling altar of Nemelex Xobeh.
 39701 | D:15     | Reached skill level 17 in Unarmed Combat
 39886 | D:15     | Reached XP level 16. HP: 86/149 MP: 28/28
 40510 | D:15     | Found a snail-covered altar of Cheibriados.
 40568 | D:15     | Found a staircase to the Depths.
 41420 | Orc:2    | Bought a manual of Evocations for 1040 gold pieces
 41527 | Snake:1  | Entered Level 1 of the Snake Pit
 42461 | Snake:1  | Found the +7 mace of Variability {chain chaos}
 42475 | Snake:1  | Reached skill level 18 in Unarmed Combat
 43418 | Snake:1  | Reached skill level 10 in Evocations
 44016 | Snake:2  | Identified the +1 long sword "Ygreohi" {vorpal, *Slow Dex+6
                  | SInv}
 45733 | Snake:3  | Reached skill level 19 in Unarmed Combat
 46199 | Snake:3  | Found Habut's Jewellery Emporium.
 47522 | Snake:3  | Reached XP level 17. HP: 45/156 MP: 29/29
 48101 | Snake:3  | Reached skill level 20 in Unarmed Combat
 49953 | Snake:3  | Found Lilydghe's Magic Scroll Shoppe.
 49964 | Snake:3  | Bought a scroll of fog for 40 gold pieces
 50235 | Shoals:1 | Entered Level 1 of the Shoals
 51297 | Lair:3   | Learned a level 7 spell: Dragon Form
 51619 | Shoals:1 | Identified the +0 scale mail of the Aged Nights {rN+ Int+5
                  | Stlth+}
 51930 | Shoals:1 | Reached skill level 10 in Spellcasting
 55075 | Shoals:2 | Identified the +7 chain mail of Peluopt {Contam rElec Int+3
                  | Dex+4}
 55535 | Snake:4  | Entered Level 4 of the Snake Pit
 56360 | Snake:4  | Reached skill level 15 in Transmutations
 57021 | Snake:4  | Reached XP level 18. HP: 163/163 MP: 29/32
 57112 | Snake:4  | Acquired 954 gold pieces
 57592 | Snake:4  | Got a serpentine rune of Zot
 58073 | Shoals:3 | Noticed Mara
 58293 | Shoals:3 | Killed Mara
 58941 | Shoals:4 | Entered Level 4 of the Shoals
 58975 | Shoals:4 | Noticed Ilsuiw
 59245 | Shoals:4 | Killed Ilsuiw
 59869 | Shoals:4 | Noticed Polyphemus
 59912 | Shoals:4 | Killed Polyphemus
 60403 | Shoals:4 | Identified the ring "Welimete" {rF+ rCorr Str+4}
 60956 | Shoals:4 | Found Ivveohymy's Antique Armour Boutique.
 60957 | Shoals:4 | Found Tuiway's General Store.
 60972 | Shoals:4 | Found Daray's Distillery.
 61012 | Shoals:4 | Bought a potion of curing for 57 gold pieces
 61012 | Shoals:4 | Bought 2 potions of heal wounds for 190 gold pieces
 61012 | Shoals:4 | Bought a potion of mutation for 152 gold pieces
 61012 | Shoals:4 | Bought a potion of heal wounds for 95 gold pieces
 61012 | Shoals:4 | Bought a potion of curing for 57 gold pieces
 61012 | Shoals:4 | Bought a potion of heal wounds for 95 gold pieces
 61133 | Shoals:4 | Got a barnacled rune of Zot
 61172 | Shoals:4 | Found Cungi's Weapon Shop.
 61193 | Shoals:4 | Found Siront's General Store.
 61291 | Shoals:4 | Bought a phantom mirror for 600 gold pieces
 61291 | Shoals:4 | Bought a potion of resistance for 150 gold pieces
 62114 | Vaults:1 | Entered Level 1 of the Vaults
 62982 | Vaults:1 | Reached XP level 19. HP: 170/170 MP: 33/35
 64499 | Vaults:2 | Reached skill level 15 in Evocations
 64651 | Vaults:2 | Noticed Xtahua
 64662 | Vaults:2 | Killed Xtahua
 64766 | Vaults:2 | Noticed Nikola
 64772 | Vaults:2 | Killed Nikola
 64831 | Vaults:2 | Noticed Bai Suzhen
 65620 | Vaults:2 | Identified the amulet of Atheism {Faith Will+}
 66925 | Vaults:2 | Found a basalt altar of Yredelemnul.
 66927 | Vaults:2 | Found a staircase to the Crypt.
 66928 | Vaults:2 | Found an ancient bone altar of Kikubaaqudgha.
 66981 | Vaults:2 | Killed Bai Suzhen
 67530 | Vaults:3 | Reached XP level 20. HP: 116/189 MP: 32/36
 68088 | Vaults:3 | Found a gateway to a bazaar.
 68094 | Bazaar   | Entered a bazaar
 68094 | Bazaar   | Found Conuor's Jewellery Boutique.
 68094 | Bazaar   | Found Julatab's Armour Shoppe.
 68094 | Bazaar   | Found Weasty's Distillery.
 68094 | Bazaar   | Found Ymeag Gusu's Antique Weapon Shoppe.
 68115 | Bazaar   | Found Enyefag's General Store.
 68115 | Bazaar   | Found Etefeig's Antique Armour Emporium.
 68120 | Bazaar   | Bought a potion of heal wounds for 45 gold pieces
 68120 | Bazaar   | Bought 2 potions of curing for 54 gold pieces
 68120 | Bazaar   | Bought a potion of heal wounds for 45 gold pieces
 68123 | Bazaar   | Bought a book of Spatial Translocations for 286 gold pieces
 68142 | Bazaar   | Bought a potion of curing for 27 gold pieces
 68142 | Bazaar   | Bought a potion of curing for 27 gold pieces
 68142 | Bazaar   | Bought a potion of might for 36 gold pieces
 68147 | Bazaar   | Bought a scroll of teleportation for 33 gold pieces
 68147 | Bazaar   | Bought a wand of flame (10) for 77 gold pieces
 68147 | Bazaar   | Bought a wand of mindburst (7) for 107 gold pieces
 68147 | Bazaar   | Bought a potion of mutation for 88 gold pieces
 68578 | Vaults:3 | Noticed Margery
 68602 | Vaults:3 | Killed Margery
 69708 | Vaults:3 | Noticed Donald
 69713 | Vaults:3 | Killed Donald
 69810 | Vaults:3 | Acquired Ikuhao Ufrae's Codex of Evolution
 69818 | Vaults:3 | Learned a level 2 spell: Passwall
 71582 | Vaults:4 | Found Hewepres's Armour Shoppe.
 72469 | Vaults:4 | Reached skill level 10 in Dodging
 73186 | Vaults:4 | Reached XP level 21. HP: 201/201 MP: 29/37
 73522 | Depths:1 | Entered Level 1 of the Depths
 74127 | Depths:1 | Found a gateway to Hell.
 74493 | Depths:1 | Found a one-way gate leading to the halls of Pandemonium.
 74807 | Depths:2 | Found a one-way gateway to a ziggurat.
 74807 | Depths:2 | Noticed a dread lich
 75179 | Depths:2 | Identified the ring of Fewoash {Ice Str-4 Int+3 Dex+2}
 75183 | Depths:2 | Noticed the Enchantress
 75495 | Depths:2 | Reached skill level 21 in Unarmed Combat
 75733 | Depths:2 | Killed the Enchantress
 75884 | Depths:2 | Found Cunojaco's Book Boutique.
 75889 | Depths:2 | Found Essouhiosh's Jewellery Emporium.
 75890 | Depths:2 | Found Bih Yfie's Book Boutique.
 76928 | Depths:3 | Reached skill level 22 in Unarmed Combat
 77248 | Depths:3 | Reached skill level 10 in Stealth
 77531 | Depths:3 | Noticed Parghit
 77537 | Depths:3 | Killed Parghit
 77867 | Depths:3 | Found a one-way gate to the infinite horrors of the Abyss.
 78109 | Depths:4 | Entered Level 4 of the Depths
 78150 | Depths:4 | Noticed a caustic shrike
 78152 | Depths:4 | Reached XP level 22. HP: 209/209 MP: 38/38
 78153 | Depths:4 | Killed a caustic shrike
 78200 | Depths:4 | Noticed a golden dragon
 78207 | Depths:4 | Killed a golden dragon
 78457 | Depths:4 | Found an ancient bone altar of Kikubaaqudgha.
 78457 | Depths:4 | Found a sacrificial altar of Ru.
 78458 | Depths:4 | Found a hide-covered altar of Uskayaw.
 78699 | Depths:4 | Noticed a caustic shrike
 78705 | Depths:4 | Killed a caustic shrike
 78707 | Depths:4 | Noticed a caustic shrike
 78707 | Depths:4 | Noticed a caustic shrike
 78707 | Depths:4 | Noticed a caustic shrike
 78711 | Depths:4 | Killed a caustic shrike
 78712 | Depths:4 | Killed a caustic shrike
 78712 | Depths:4 | Killed a caustic shrike
 78808 | Depths:4 | Found a gate to the Realm of Zot.
 79283 | Depths:4 | Noticed an ancient lich
 79285 | Depths:4 | Killed an ancient lich
 79774 | Depths:4 | Noticed a caustic shrike
 79776 | Depths:4 | Killed a caustic shrike
 80063 | Depths:4 | Reached skill level 23 in Unarmed Combat
 80070 | Depths:4 | Noticed a caustic shrike
 80077 | Depths:4 | Killed a caustic shrike
 80333 | Depths:4 | Paralysed by a floating eye for 4 turns
 80420 | Depths:4 | Noticed a golden dragon
 80427 | Depths:4 | Identified the +8 quarterstaff of Dishonour {pain, Str+2}
 80429 | Depths:4 | Killed a golden dragon
 80509 | Depths:4 | Identified the +8 spear "Cini" {venom, Will+}
 80963 | Elf:1    | Entered Level 1 of the Elven Halls
 81020 | Elf:1    | Reached XP level 23. HP: 215/215 MP: 39/39
 81176 | Elf:1    | Found the +0 mask of the Dragon {Will+ Slay+3 SInv}
 81236 | Elf:1    | Reached skill level 24 in Unarmed Combat
 81388 | Elf:1    | Found Huangaho's General Store.
 81418 | Elf:1    | Bought a potion of heal wounds for 60 gold pieces
 81418 | Elf:1    | Bought a potion of magic for 96 gold pieces
 81418 | Elf:1    | Bought a scroll of teleportation for 36 gold pieces
 81418 | Elf:1    | Bought a potion of mutation for 96 gold pieces
 82242 | Elf:2    | Found a runed translucent gate.
 82242 | Elf:2    | Found a runed translucent gate.
 82248 | Elf:2    | Found a runed translucent gate.
 82639 | Elf:2    | Noticed Agnes
 82646 | Elf:2    | Killed Agnes
 83626 | Elf:3    | Entered Level 3 of the Elven Halls
 83661 | Elf:3    | Reached skill level 25 in Unarmed Combat
 85115 | Elf:3    | Identified the amulet "Iheraph" {Acrobat Contam rElec
                  | Regen+}
 85206 | Elf:3    | Got the Precepts of Collective Shifting
 85328 | Elf:3    | Got the Almanac of Imprecation
 85359 | Elf:3    | Got Xyufaxza's Volume of United Shaping
 85476 | Elf:3    | Got the Incunable of Allied Incandescence
 85659 | Elf:3    | Identified the +1 sling of Zin's Indignation {venom,
                  | *Corrode Drain rC+++ Int+2}
 86081 | Vaults:5 | Entered Level 5 of the Vaults
 86095 | Vaults:5 | Noticed Jory
 86099 | Vaults:5 | Reached skill level 26 in Unarmed Combat
 86102 | Vaults:5 | Killed Jory
 86231 | Vaults:5 | Reached XP level 24. HP: 224/224 MP: 39/39
 86287 | Vaults:5 | Identified the +6 morningstar "Timikur" {pain, *Corrode
                  | rElec Str+6 Stlth+}
 86326 | Vaults:5 | Reached skill level 27 in Unarmed Combat
 86418 | Vaults:5 | Identified the +10 falchion of Governance {protect, rN+
                  | Str+4}
 86711 | Vaults:5 | Noticed an ancient lich
 86721 | Vaults:5 | Killed an ancient lich
 86947 | Vaults:5 | Identified the ring "Ushrecuics" {Fire Contam Str-2 Int+9
                  | Slay+4}
 87109 | Vaults:5 | Identified the +9 quarterstaff of the Howling Asp {flame,
                  | rF+ rC- Int+4 Stlth+}
 87640 | Vaults:5 | Identified the +10 scimitar of Vyugit {vamp, rF+ rC+ Str-4
                  | Int+7}
 87690 | Vaults:5 | Got a silver rune of Zot
 87717 | Vaults:5 | Identified the ring "Ostaross" {rF+ rC- Int+6 Dex+3}
 87794 | Vaults:5 | Identified the +0 leather armour of Qext {Will+ Dex+2}
 87918 | Vaults:5 | Identified the +9 battleaxe of Compulsion {spect, Drain
                  | rCorr Int-3 Dex+7}
 88004 | Vaults:5 | Got Waw Duwn's Incunable of Energetic Pestilence
 88012 | Vaults:5 | Identified the +0 pair of boots of Kleptomania {Dex+5}
 88484 | Zot:1    | Entered Level 1 of the Realm of Zot
 88564 | Zot:1    | Noticed an orb of fire
 88566 | Zot:1    | Gained mutation: You are frail. (-10% HP) [an orb of fire]
 88569 | Zot:1    | Killed an orb of fire
 89288 | Zot:1    | Noticed a Killer Klown
 89291 | Zot:1    | Noticed an orb of fire
 89291 | Zot:1    | Noticed a Killer Klown
 89296 | Zot:1    | Killed a Killer Klown
 89302 | Zot:1    | Gained mutation: You have hidden genetic defects. [an orb
                  | of fire]
 89940 | Zot:1    | Gained mutation: You sometimes lose your temper in combat.
                  | [an orb of fire]
 89941 | Zot:1    | Gained mutation: You are very frail. (-20% HP) [an orb of
                  | fire]
 89942 | Zot:1    | Killed an orb of fire
 89992 | Zot:1    | Killed a Killer Klown
 91076 | Slime:1  | Entered Level 1 of the Pits of Slime
 91082 | Slime:1  | Gained mutation: Your magical capacity is low. (-10% MP) [a
                  | shining eye]
 91744 | Slime:2  | Reached XP level 25. HP: 196/196 MP: 29/35
 91810 | Slime:2  | Gained mutation: You are extremely frail. (-30% HP) [hidden
                  | defects]
 92179 | Slime:3  | Gained mutation: You are dopey. (Int -2) [a shining eye]
 93150 | Slime:5  | Entered Level 5 of the Pits of Slime
 93193 | Slime:5  | Gained mutation: You occasionally lose the ability to drink
                  | potions when taking damage. [a shining eye]
 93241 | Slime:5  | Gained mutation: You do not regenerate when monsters are
                  | visible. [hidden defects]
 93241 | Slime:5  | Lost mutation: You have hidden genetic defects. [hidden
                  | defects expressed]
 93312 | Slime:5  | Noticed the Royal Jelly
 93321 | Slime:5  | Killed the Royal Jelly
 93324 | Slime:5  | HP: 12/393 [azure jelly[the Royal Jelly] (21)]
 93324 | Slime:5  | HP: 3/393 [azure jelly[the Royal Jelly] (9)]
 93324 | Slime:5  | Slain by an azure jelly

Illustrated notes

Levels and vault maps discovered:
D:1:      elethiomel_arrival_quiet, layout_basic,
          dreamdust_ecumenical_altar_angels_and_demons, minmay_statues_item
D:2:      cheibrodos_pilgrimage, layout_basic, serial_shops, shop_fountains,
          uniq_sigmund, uniq_robin
D:3:      layout_loops_ring, lemuel_tele_altar,
          mainiacjoe_overflow_concentric_impassable, minmay_misc_feat_square,
          moated_statue, uniq_terence, uniq_crazy_yiuf_cottage
D:4:      layout_cave_pods, vehumet_statue, minmay_temple_entry_arrows,
          grunt_decor_resistance
D:5:      layout_layer_cave, ebering_ghost_sewer_f
D:6:      layout_basic, gammafunk_temple_overflow_statue, serial_shops, shop
D:7:      layout_cave_pools, nicolae_ossuary_entry_ruins, wad_rectangle_vault
D:8:      layout_cave_pods, marbit_many_paths, enter_bailey_4, uniq_grum
D:9:      layout_irregular_city, david_lair_shrubbed, erik_orc_2,
          grunt_decor_mini_mirrors
D:10:     layout_loops_ring, amethyst_overflow_temple_binary,
          serial_nicolae_subway, nicolae_sub_station_stone,
          nicolae_sub_station_crystal, nicolae_sub_station_metal
D:11:     layout_cave_pods, minmay_misc_feat_roman, grunt_ministairs_4,
          uniq_psyche
D:12:     layout_roguey, amcnicky_mini_pool_small, uniq_kirke, uniq_urug,
          uniq_frances
D:13:     layout_irregular_city, serial_undead, serial_undead_c,
          serial_undead_d, serial_undead_a, serial_undead_a,
          nicolae_hexahallways
D:14:     layout_basic, grunt_vaults_entry_tiered, uniq_josephine, uniq_snorg,
          uniq_jorgrun
D:15:     grunt_enter_depths_giant_problem, layout_basic, serial_curves,
          eino_curves_03, eino_curves_04, nemelex_spade_bored_becter,
          slow_altar_1
Temple:   compressed_dpeg_circular_temple
Lair:1:   layout_loops_ring, minmay_lair_oklob_items, hibernation_bobbens,
          serial_bayou_shore_a, uniq_gastronok
Lair:2:   layout_loops_ring, minmay_snake_entry_guardpost_small,
          portal_ice_cave_entry_ice_simulacra, uniq_nergalle
Lair:3:   layout_misc_corridors, minmay_shoals_entry_lonely_mermaid,
          serial_bayou_shore_b, uniq_amaemon
Lair:4:   layout_regular_city, dpeg_slime_entry_corner
Lair:5:   due_jungle_book, layout_long_grid
Shoals:1: layout_shoals, yaktaur_hedge
Shoals:2: layout_shoals, st_shoals_ruin
Shoals:3: layout_shoals, uniq_mara
Shoals:4: shoals_end_hangedman, layout_shoals, shoals_ilsuiw_ice, serial_shops,
          nicolae_shop_advertising_works [nicolae_subvault_shop_adworks],
          shop_fountains, shop_fountains, nicolae_shop_statue_plus, shop,
          nicolae_shoals_this_corrosion, uniq_polyphemus
Snake:1:  nicolae_snake_nest, layout_rooms, nicolae_snake_snakewalk
Snake:2:  layout_honeycomb, lemuel_fruit_tree, serial_bayou_shore_b,
          serial_bayou_shore_b
Snake:3:  nicolae_snake_hallway, layout_onion, minmay_shoptagon
Snake:4:  grunt_snake_rune_serpentine_throne, layout_cave_town, st_stairs_4,
          grunt_megastairs_2
Slime:1:  layout_caves
Slime:2:  layout_caves
Slime:3:  layout_caves
Slime:4:  layout_caves
Slime:5
Orc:1:    layout_caves, serial_shops, nicolae_shop_waterfront,
          gammafunk_ghost_necromancy
Orc:2:    grunt_orc_cross, layout_caves, serial_shops, shop,
          nicolae_shop_vocational
Elf:1:    nicolae_elf_arrival_fired_up, layout_rooms, serial_shops,
          nicolae_shop_waterfront, kennysheep_underground_church,
          nicolae_elf_v_pinch, serial_sigils_hangedman_confine
Elf:2:    elven_hall_of_blades_hangedman_original [mumra_blade_entry_dagger],
          layout_geoelf_diagonals, due_unseen_surprise, lemuel_upstairs_altar,
          uniq_agnes
Elf:3:    grunt_elf_hall_branching, layout_geoelf_castle
Vaults:1: v_misc_17, nicolae_vaults_circle_grid_a, v_rooms_1,
          grunt_vaults_hallway_short, v_pattern_2, vaults_room_semicircle,
          v_misc_28, layout_vaults_omnigrid
Vaults:2: v_misc_30, vaults_mumra_hex, nicolae_vaults_three_branches,
          vaults_room_boxed, v_misc_27, minmay_crypt_entry_necro_gods,
          hangedman_vaults_corner_blocks, v_misc_10, st_more_cells,
          grunt_vaults_hallway_short, v_misc_14, nicolae_vaults_angled_halls,
          nicolae_vaults_little_squares_4, nicolae_vaults_rhombus_5,
          layout_vaults_ring, uniq_xtahua, uniq_bai_suzhen, uniq_nikola
Vaults:3: v_misc_4, v_misc_1, v_misc_4, v_misc_26, vaults_room_octagon,
          v_misc_24, hangedman_vaults_unwind, nicolae_vaults_gold_heap,
          hangedman_vaults_capsules, st_cells, v_misc_15,
          nicolae_vaults_little_squares_5, v_misc_15, vaults_room_pools,
          nicolae_vaults_little_squares_5, v_misc_19, layout_vaults_maze,
          serial_shops, bzr_entry_road, uniq_margery, uniq_donald
Vaults:4: vaults_room_fours, hangedman_vaults_hat, v_misc_13, v_misc_33,
          hangedman_vaults_stagger, nicolae_vaults_halls_meeting,
          v_alt_pattern_2, nicolae_vaults_border_crossing,
          nicolae_vaults_little_squares_4, vaults_dpeg_encased_lava,
          layout_vaults_chaotic_city, serial_shops, nicolae_shop_hallway_plus
Vaults:5: uniq_jory
Depths:1: layout_cave_pools, rand_demon_pan_entry_3, moated_statue, hell_entry,
          serial_bayou_lake_a
Depths:2: minmay_spriggan_fort, layout_cave_pools, enter_ziggurat_c,
          chequers_serial_rivers_large_b, pf_hell_entry_tar_river, pan_entry,
          minmay_shop_grove, uniq_enchantress, uniq_grunn
Depths:3: minmay_the_grid_plus [minmay_the_grid_expand, minmay_the_grid_tree,
          minmay_the_grid_broken_lines, minmay_the_grid_stretched_grid,
          minmay_the_grid_prize_trominoes], layout_gridlike,
          minmay_staircase_statues, abyss_entry, hell_entry,
          chequers_serial_rivers_small_3, serial_bayou_shore_b, uniq_parghit
Depths:4: hangedman_slaughterboxes, hell_entry
Zot:1:    grunt_zot_stairs_mandelzot, layout_cathedral_of_symmetry
Zot:2:    regret_index_qazlal_generations, layout_onion, st_stairs_2

Skill      XL: |  1  2  3  4  5  6  7  8  9 10 11 12 13 14 15 16 17 18 19 20 21 22 23 24 25 |
---------------+----------------------------------------------------------------------------+-----
Dodging        | 2 4 6 8 10 12 | 12.0
Fighting       | 2 3 5 10 11 13 15 18 20 24 25 | 25.5
Stealth        | 1 2 3 5 7 10 | 10.0
Unarmed Combat | 4 5 9 10 13 15 17 19 20 22 23 26 27 | 27.0
Transmutations | 5 8 9 10 12 15 18 20 | 20.0
Spellcasting   | 4 6 8 10 12 | 12.0
Ice Magic      | 5 6 |  6.0
Evocations     | 5 10 15 17 | 17.0

Action                   |  1- 3 |  4- 6 |  7- 9 | 10-12 | 13-15 | 16-18 | 19-21 | 22-24 | 25-27 || total
-------------------------+-------+-------+-------+-------+-------+-------+-------+-------+-------++-------
Melee: Unarmed           |    49 |    73 |   268 |   491 |  1096 |   950 |   842 |   805 |   129 ||  4703
       Kick              |    11 |    17 |    70 |       |       |       |       |       |       ||    98
       Headbutt          |     5 |     9 |    40 |       |       |       |       |       |       ||    54
       Tailslap          |     2 |     7 |    25 |     4 |     1 |    48 |   158 |   132 |    27 ||   404
       Punch             |     1 |     3 |    10 |     4 |       |    49 |   111 |   124 |    30 ||   332
       Bite              |       |       |       |       |       |    37 |   107 |    90 |    16 ||   250
 Cast: Beastly Appendage |    22 |    27 |    51 |     2 |       |       |     2 |       |       ||   104
       Wereblood         |       |       |    11 |    16 |    27 |    18 |    35 |    20 |     5 ||   132
       Ice Form          |       |       |     5 |    81 |   140 |   126 |       |       |       ||   352
       Dragon Form       |       |       |       |       |       |    45 |   113 |   105 |    14 ||   277
Invok: Lunge             |       |     5 |    29 |    53 |    97 |   154 |   114 |   125 |    24 ||   601
       Whirlwind         |       |       |     9 |    70 |   372 |   194 |   157 |   128 |    10 ||   940
       Serpent's Lash    |       |       |       |     6 |    20 |    15 |    10 |     6 |       ||    57
       Heavenly Storm    |       |       |       |       |       |     4 |     1 |     4 |       ||     9
 Abil: Breathe Steam     |       |       |     3 |     6 |     2 |    17 |     6 |     4 |       ||    38
       Wall Jump         |       |       |       |     1 |     1 |       |       |       |       ||     2
       End Transformatio |       |       |       |       |       |     1 |       |       |       ||     1
Evoke: Wand              |       |       |     4 |       |       |     8 |       |       |       ||    12
       Condenser vane    |       |       |       |       |       |     2 |       |     1 |       ||     3
       Phantom mirror    |       |       |       |       |       |       |       |       |     1 ||     1
  Use: Scroll            |       |       |     8 |    11 |    11 |     8 |     3 |     8 |       ||    49
       Potion            |       |       |     2 |       |     1 |     1 |     2 |     1 |       ||     7
 Stab: Sleeping          |       |     3 |     8 |    14 |    14 |    22 |    10 |    11 |     3 ||    85
       Distracted        |       |       |       |     1 |     4 |     5 |     4 |     1 |       ||    15
Armor: Skin              |     5 |    20 |    89 |   100 |   187 |   174 |   223 |   149 |    34 ||   981
Dodge: Dodged            |    19 |    34 |   158 |   205 |   373 |   316 |   196 |   183 |    21 ||  1505
